TOP OF THE 1ST |
Birmingham Barons batting - Pitching for Richmond Flairs : RHP Bryce Davis
|
Pitching: RHP Bryce Davis
|
|
Batting: RHB Jerry Johnston
|
0-0: Foul Ball, location: 2F 0-1: Swinging Strike 0-2: Strikes out looking
|
Batting: RHB Juan Morales
|
0-0: Foul Ball, location: 2F 0-1: Fly out, F9 (Line Drive, 89S)
|
Batting: LHB José Rivera
|
0-0: Called Strike 0-1: Foul Ball, location: 2F 0-2: Foul Ball, location: 2F 0-2: Ball 1-2: Ball 2-2: Foul Ball, location: 2F 2-2: SINGLE (Groundball, 4D)
|
Batting: RHB Lorenzo Tamayo
|
0-0: Called Strike 0-1: Ball 1-1: SINGLE (Line Drive, 56) José Rivera to second
|
Batting: LHB Bob Jones
|
0-0: Ball 1-0: Ball 2-0: Foul Ball, location: 2F 2-1: Fly out, F8 (Flyball, 8LD)
|
Top of the 1st over - 0 runs, 2 hits, 0 errors, 2 left on base; Birmingham 0 - Richmond 0 |
BOTTOM OF THE 1ST |
Richmond Flairs batting - Pitching for Birmingham Barons : RHP Francisco Ríos
|
Pitching: RHP Francisco Ríos
|
|
Batting: RHB Lonson Seals
|
0-0: Ball 1-0: Ground out 5-3 (Groundball, 56)
|
Batting: LHB R.J. Courtney
|
0-0: Called Strike 0-1: Called Strike 0-2: Strikes out swinging
|
Batting: LHB Luis Villa
|
0-0: DOUBLE (Line Drive, 78XD)
|
Batting: LHB Roland Jones
|
0-0: Foul Ball, location: 2F 0-1: Called Strike 0-2: Ball Wild Pitch! Luis Villa to third 1-2: Ball 2-2: Fly out, F6 (Popup, 6S)
|
Bottom of the 1st over - 0 runs, 1 hit, 0 errors, 1 left on base; Birmingham 0 - Richmond 0 |
TOP OF THE 2ND |
Birmingham Barons batting - Pitching for Richmond Flairs : RHP Bryce Davis
|
Batting: RHB Dean Bailey
|
0-0: Ball 1-0: Ball 2-0: Called Strike 2-1: Foul Ball, location: 2F 2-2: Foul Ball, location: 2F 2-2: Foul Ball, location: 2F 2-2: Foul Ball, location: 2F 2-2: Ball 3-2: Foul Ball, location: 2F 3-2: Ground out 1-3 (Groundball, 13)
|
Batting: RHB Reinaldo Amarante
|
0-0: Called Strike 0-1: Ball 1-1: Ball 2-1: Ball 3-1: Foul Ball, location: 2F 3-2: Foul Ball, location: 2F 3-2: Base on Balls
|
Batting: RHB Thomas Moore
|
0-0: Ball 1-0: Fly out, F9 (Flyball, 89M)
|
Batting: RHB Dave Williams
|
0-0: Called Strike 0-1: Called Strike 0-2: Strikes out swinging
|
Top of the 2nd over - 0 runs, 0 hits, 0 errors, 1 left on base; Birmingham 0 - Richmond 0 |
BOTTOM OF THE 2ND |
Richmond Flairs batting - Pitching for Birmingham Barons : RHP Francisco Ríos
|
Batting: RHB R.J. Crosby
|
0-0: Ball 1-0: Ball 2-0: Foul Ball, location: 2F 2-1: Ground out 4-3 (Groundball, 4)
|
Batting: RHB Miguel Hernández
|
0-0: Called Strike 0-1: DOUBLE (Line Drive, 9D)
|
Batting: RHB Christian Hudson
|
0-0: SINGLE (Groundball, 34D) Miguel Hernández to third Runner from 3rd tries for Home, SAFE, throw made home
|
Batting: RHB Alejandro Ramos
|
0-0: SINGLE (Groundball, 6D) Christian Hudson to second
|
Batting: RHB Iván De Jesús
|
0-0: Ball 1-0: Ball 2-0: Called Strike 2-1: Ball 3-1: Base on Balls Christian Hudson to third Alejandro Ramos to second
|
Batting: RHB Lonson Seals
|
0-0: Called Strike Error on foul ball, E7 0-2: Ball 1-2: Fly out, F6 (Line Drive, 6)
|
Batting: LHB R.J. Courtney
|
0-0: Ball 1-0: Ground out 4-3 (Groundball, 4)
|
Bottom of the 2nd over - 1 run, 3 hits, 1 error, 3 left on base; Birmingham 0 - Richmond 1 |
TOP OF THE 3RD |
Birmingham Barons batting - Pitching for Richmond Flairs : RHP Bryce Davis
|
Batting: RHB Jerry Johnston
|
0-0: Ball 1-0: Ball 2-0: DOUBLE (Line Drive, 9D)
|
Batting: RHB Juan Morales
|
0-0: Ball 1-0: Called Strike 1-1: Ball 2-1: Ball 3-1: SINGLE (Line Drive, 9S) Jerry Johnston to third Runner from 3rd tries for Home, SAFE, no throw
|
Batting: LHB José Rivera
|
0-0: Ball 1-0: Called Strike 1-1: Fly out, F8 (Flyball, 8LS)
|
Batting: RHB Lorenzo Tamayo
|
0-0: Called Strike 0-1: Foul Ball, location: 2F 0-2: Ball 1-2: Ball 2-2: Foul Ball, location: 2F 2-2: Fly out, F7 (Flyball, 78D)
|
Batting: LHB Bob Jones
|
0-0: Ball 1-0: SINGLE (Flyball, 78S) Juan Morales to second
|
Batting: RHB Dean Bailey
|
0-0: Fly out, F6 (Line Drive, 6M)
|
Top of the 3rd over - 1 run, 3 hits, 0 errors, 2 left on base; Birmingham 1 - Richmond 1 |
BOTTOM OF THE 3RD |
Richmond Flairs batting - Pitching for Birmingham Barons : RHP Francisco Ríos
|
Batting: LHB Luis Villa
|
0-0: Ball 1-0: Swinging Strike 1-1: Ball 2-1: Fly out, F7 (Line Drive, 7)
|
Batting: LHB Roland Jones
|
0-0: Called Strike 0-1: Ball 1-1: Ball 2-1: Foul Ball, location: 2F 2-2: Strikes out swinging passed ball, reaches first!
|
Batting: RHB R.J. Crosby
|
0-0: Called Strike Roland Jones steals 2nd base 0-1: Foul Ball, location: 2F 0-2: Foul Ball, location: 2F 0-2: Foul Ball, location: 2F 0-2: Ground out 4-3 (Groundball, 4) Roland Jones to third
|
Batting: RHB Miguel Hernández
|
0-0: Ground out 5-3 (Groundball, 56S)
|
Bottom of the 3rd over - 0 runs, 0 hits, 0 errors, 1 left on base; Birmingham 1 - Richmond 1 |
TOP OF THE 4TH |
Birmingham Barons batting - Pitching for Richmond Flairs : RHP Bryce Davis
|
Batting: RHB Reinaldo Amarante
|
0-0: Ball 1-0: Ball 2-0: SINGLE (Flyball, 78S)
|
Batting: RHB Thomas Moore
|
0-0: Called Strike 0-1: Ball 1-1: Ball 2-1: Foul Ball, location: 2F 2-2: Ball 3-2: SINGLE (Line Drive, 8LS) Reinaldo Amarante to second
|
Batting: RHB Dave Williams
|
0-0: Called Strike 0-1: Ball 1-1: Foul Ball, location: 2F 1-2: Ball 2-2: Ball 3-2: Strikes out looking
|
Batting: RHB Jerry Johnston
|
0-0: Called Strike 0-1: Swinging Strike 0-2: Strikes out looking
|
Batting: RHB Juan Morales
|
0-0: Ball 1-0: SINGLE (Line Drive, 9S) Reinaldo Amarante to third Thomas Moore to second Runner from 3rd tries for Home, SAFE, no throw
|
Batting: LHB José Rivera
|
0-0: Called Strike 0-1: Foul Ball, location: 2F 0-2: Fly out, F8 (Flyball, 78M)
|
Top of the 4th over - 1 run, 3 hits, 0 errors, 2 left on base; Birmingham 2 - Richmond 1 |
BOTTOM OF THE 4TH |
Richmond Flairs batting - Pitching for Birmingham Barons : RHP Francisco Ríos
|
Batting: RHB Christian Hudson
|
0-0: Ball 1-0: Foul Ball, location: 2F 1-1: Fly out, F2 (Popup, 15S)
|
Batting: RHB Alejandro Ramos
|
0-0: Foul Ball, location: 2F 0-1: Ball 1-1: DOUBLE (Line Drive, 9LS)
|
Batting: RHB Iván De Jesús
|
0-0: Ball Wild Pitch! Alejandro Ramos to third 1-0: Fly out, F7 (Flyball, 7LD) Runner from 3rd tags up, OUT at HOME
|
Bottom of the 4th over - 0 runs, 1 hit, 0 errors, 0 left on base; Birmingham 2 - Richmond 1 |
TOP OF THE 5TH |
Birmingham Barons batting - Pitching for Richmond Flairs : RHP Bryce Davis
|
Pitching: LHP Orlando Díaz
|
|
Batting: RHB Lorenzo Tamayo
|
0-0: SINGLE (Groundball, 6M) (infield hit)
|
Batting: LHB Bob Jones
|
0-0: Ball 1-0: Foul Ball, location: 2F 1-1: Called Strike 1-2: Strikes out looking
|
Batting: RHB Dean Bailey
|
0-0: Ball 1-0: Ball 2-0: Grounds into double play, 6-4-3 (Groundball, 6)
|
Top of the 5th over - 0 runs, 1 hit, 0 errors, 0 left on base; Birmingham 2 - Richmond 1 |
BOTTOM OF THE 5TH |
Richmond Flairs batting - Pitching for Birmingham Barons : RHP Francisco Ríos
|
Batting: RHB Lonson Seals
|
0-0: Ball 1-0: Ball 2-0: Ground out 6-3 (Groundball, 6)
|
Batting: LHB R.J. Courtney
|
0-0: Foul Ball, location: 2F 0-1: Foul Ball, location: 2F 0-2: Ball 1-2: Fly out, F6 (Popup, 6M)
|
Batting: LHB Luis Villa
|
0-0: Ball 1-0: Called Strike 1-1: Foul Ball, location: 2F 1-2: Ball 2-2: Foul Ball, location: 2F 2-2: Foul Ball, location: 2F 2-2: SOLO HOME RUN (Flyball, 8LXD), Distance : 401 ft
|
Batting: LHB Roland Jones
|
0-0: Ball 1-0: Called Strike 1-1: Ball 2-1: Swinging Strike 2-2: Strikes out swinging
|
Bottom of the 5th over - 1 run, 1 hit, 0 errors, 0 left on base; Birmingham 2 - Richmond 2 |
TOP OF THE 6TH |
Birmingham Barons batting - Pitching for Richmond Flairs : LHP Orlando Díaz
|
Batting: RHB Reinaldo Amarante
|
0-0: Ball 1-0: Called Strike 1-1: Called Strike 1-2: Foul Ball, location: 2F 1-2: Ball 2-2: Foul Ball, location: 2F 2-2: Strikes out swinging
|
Batting: RHB Thomas Moore
|
0-0: Called Strike 0-1: SINGLE (Groundball, 6MD)
|
Batting: RHB Dave Williams
|
0-0: Swinging Strike 0-1: Foul Ball, location: 2F 0-2: Ball 1-2: Ball 2-2: Ball 3-2: Strikes out swinging Throwing error on steal attempt, E2 Thomas Moore to third
|
Batting: RHB Jerry Johnston
|
0-0: SINGLE (Groundball, 56D) Thomas Moore scores
|
Batting: RHB Juan Morales
|
0-0: Ball 1-0: Foul Ball, location: 2F 1-1: Ball 2-1: SINGLE (Groundball, 6MD) Jerry Johnston to second Runner from 2nd tries for 3rd, OUT after rundown.
|
Top of the 6th over - 1 run, 3 hits, 1 error, 1 left on base; Birmingham 3 - Richmond 2 |
BOTTOM OF THE 6TH |
Richmond Flairs batting - Pitching for Birmingham Barons : RHP Francisco Ríos
|
Batting: RHB R.J. Crosby
|
0-0: Ball 1-0: Fly out, F6 (Line Drive, 6)
|
Batting: RHB Miguel Hernández
|
0-0: Called Strike 0-1: Called Strike 0-2: Ball 1-2: TRIPLE (Line Drive, 8RXD)
|
Batting: RHB Christian Hudson
|
0-0: Called Strike 0-1: Ball 1-1: SINGLE (Groundball, 6MD) Miguel Hernández scores
|
Batting: RHB Alejandro Ramos
|
0-0: Ball 1-0: Called Strike 1-1: Reached on error, E4 (Groundball, 4) Christian Hudson to second
|
Batting: RHB Iván De Jesús
|
0-0: Swinging Strike 0-1: Fly out, F4 (Popup, 4)
|
Batting: RHB Lonson Seals
|
0-0: Called Strike 0-1: Ball 1-1: Foul Ball, location: 2F 1-2: Ball 2-2: DOUBLE (Line Drive, 8LD) Christian Hudson scores Alejandro Ramos to third Runner from 3rd tries for Home, SAFE, no throw
|
Pitching: RHP Carlos Castillo
|
|
Batting: LHB R.J. Courtney
|
0-0: Ball 1-0: Foul Ball, location: 2F 1-1: Ball 2-1: Swinging Strike 2-2: Strikes out swinging
|
Bottom of the 6th over - 3 runs, 3 hits, 1 error, 1 left on base; Birmingham 3 - Richmond 5 |
TOP OF THE 7TH |
Birmingham Barons batting - Pitching for Richmond Flairs : LHP Orlando Díaz
|
Batting: LHB José Rivera
|
0-0: Ball 1-0: Called Strike 1-1: Foul Ball, location: 2F 1-2: Ball 2-2: Strikes out swinging
|
Batting: RHB Lorenzo Tamayo
|
0-0: Ball 1-0: Called Strike 1-1: Ball 2-1: Ball 3-1: Swinging Strike 3-2: Foul Ball, location: 2F 3-2: SINGLE (Line Drive, 6MD)
|
Batting: LHB Bob Jones
|
0-0: Ball 1-0: Ball 2-0: SINGLE (Groundball, 34S) (infield hit) Lorenzo Tamayo to second
|
Batting: RHB Dean Bailey
|
0-0: Called Strike 0-1: Ball Wild Pitch! Lorenzo Tamayo to third Bob Jones to second 1-1: Called Strike 1-2: Ball 2-2: Ground out 6-3 (Groundball, 6)
|
Batting: RHB Reinaldo Amarante
|
0-0: Called Strike 0-1: Called Strike 0-2: Foul Ball, location: 2F 0-2: Foul Ball, location: 2F 0-2: Ball 1-2: Foul Ball, location: 2F 1-2: Strikes out swinging
|
Top of the 7th over - 0 runs, 2 hits, 0 errors, 2 left on base; Birmingham 3 - Richmond 5 |
BOTTOM OF THE 7TH |
Richmond Flairs batting - Pitching for Birmingham Barons : RHP Carlos Castillo
|
Pitching: LHP Carlos Berru
|
|
Batting: LHB Luis Villa
|
0-0: Foul Ball, location: 2F 0-1: Ball 1-1: Ball 2-1: Foul Ball, location: 2F 2-2: Strikes out swinging
|
Batting: LHB Roland Jones
|
0-0: Called Strike 0-1: Foul Ball, location: 2F 0-2: Ball 1-2: Ball 2-2: Fly out, F8 (Line Drive, 8LS)
|
Pitching: RHP Gabriel Oliuo
|
|
Batting: RHB R.J. Crosby
|
0-0: Foul Ball, location: 2F 0-1: Reached via error on a dropped throw, E3
|
Batting: RHB Miguel Hernández
|
0-0: Ball 1-0: Called Strike 1-1: Called Strike 1-2: 2-RUN HOME RUN (Flyball, 9D), Distance : 352 ft
|
Batting: RHB Christian Hudson
|
0-0: Foul Ball, location: 2F 0-1: Called Strike 0-2: SINGLE (Groundball, 4MD)
|
Batting: RHB Alejandro Ramos
|
0-0: Ball 1-0: Ball 2-0: Called Strike 2-1: Swinging Strike 2-2: Foul Ball, location: 2F 2-2: Foul Ball, location: 2F 2-2: Ball 3-2: Base on Balls Christian Hudson to second
|
Batting: RHB Iván De Jesús
|
0-0: Ball 1-0: Swinging Strike 1-1: Fly out, F8 (Flyball, 8RM)
|
Bottom of the 7th over - 2 runs, 2 hits, 1 error, 2 left on base; Birmingham 3 - Richmond 7 |
TOP OF THE 8TH |
Birmingham Barons batting - Pitching for Richmond Flairs : LHP Orlando Díaz
|
Batting: RHB Thomas Moore
|
0-0: Fly out, F6 (Popup, 6)
|
Batting: RHB Dave Williams
|
0-0: Foul Ball, location: 2F 0-1: Swinging Strike 0-2: Foul Ball, location: 2F 0-2: Fly out, F5 (Popup, 5F)
|
Batting: RHB Jerry Johnston
|
0-0: Ball 1-0: Foul Ball, location: 2F 1-1: Ball 2-1: Ground out 1-3 (Groundball, P)
|
Top of the 8th over - 0 runs, 0 hits, 0 errors, 0 left on base; Birmingham 3 - Richmond 7 |
BOTTOM OF THE 8TH |
Richmond Flairs batting - Pitching for Birmingham Barons : RHP Gabriel Oliuo
|
Batting: RHB Lonson Seals
|
0-0: Foul Ball, location: 2F 0-1: Called Strike 0-2: Strikes out swinging
|
Batting: LHB R.J. Courtney
|
0-0: Ball 1-0: Foul Ball, location: 2F 1-1: Called Strike 1-2: Ball 2-2: Foul Ball, location: 2F 2-2: Fly out, F7 (Flyball, 7)
|
Batting: LHB Luis Villa
|
0-0: Ball 1-0: Ball 2-0: Called Strike 2-1: Called Strike 2-2: Strikes out swinging, 2-3 out at first.
|
Bottom of the 8th over - 0 runs, 0 hits, 0 errors, 0 left on base; Birmingham 3 - Richmond 7 |
TOP OF THE 9TH |
Birmingham Barons batting - Pitching for Richmond Flairs : LHP Orlando Díaz
|
Batting: RHB Juan Morales
|
0-0: Ball 1-0: Ground out 5-3 (Groundball, 5)
|
Pitching: RHP Albert Gonzáles
|
|
Batting: LHB José Rivera
|
0-0: Ball 1-0: Foul Ball, location: 2F 1-1: Ball 2-1: Ball 3-1: Base on Balls
|
Batting: RHB Lorenzo Tamayo
|
0-0: Ball 1-0: Ball 2-0: SINGLE (Groundball, 34D) José Rivera to second
|
Pitching: RHP Frank Martin
|
|
Batting: LHB Bob Jones
|
0-0: Ball 1-0: Foul Ball, location: 2F 1-1: SINGLE (Flyball, 78S) José Rivera to third Lorenzo Tamayo to second
|
Batting: RHB Dean Bailey
|
0-0: Ball 1-0: Grounds into double play, 3-6-3 (Groundball, 34)
|
Top of the 9th over - 0 runs, 2 hits, 0 errors, 2 left on base; Birmingham 3 - Richmond 7 |
|